 Dungeon Crawl Stone Soup version 0.28-a0-474-g535839065c (webtiles) character file.

Game seed: 1594403856766216976

9988 Squid the Basher (level 11, -3/150 HPs)
             Began as a Minotaur Berserker on Sept 15, 2021.
             Was an Elder of Trog.
             Slain by a death yak (17 damage)
             ... on level 10 of the Dungeon.
             The game lasted 00:23:24 (11661 turns).

Squid the Basher (Minotaur Berserker)              Turns: 11661, Time: 00:23:25

Health: -3/150     AC: 25    Str: 25    XL:     11   Next: 30%
Magic:  10/10      EV:  2    Int:  4    God:    Trog [****..]
Gold:   505        SH:  0    Dex: 10    Spells: 10/10 levels left

rFire   . . .      SeeInvis .   a - +2 mace
rCold   . . .      Faith    .   (no shield)
rNeg    + + +      Spirit   .   (armour currently unavailable)
rPois   +          Reflect  .   (helmet currently unavailable)
rElec   .          Harm     .   (cloak currently unavailable)
rCorr   .          Rampage  .   (gloves currently unavailable)
Will    +....      NoTele   +   (boots currently unavailable)
Stlth   +.........              g - amulet of regeneration
HPRegen 1.35/turn               r - ring of poison resistance
MPRegen 0.12/turn               f - ring of willpower

@: tree-form, on berserk cooldown, slowed, very slow
A: stationary, stasis, torment immunity, boosted hp, (horns 2), (retaliatory
headbutt)
a: Renounce Religion, Berserk, Trog's Hand, Brothers in Arms


You were on level 10 of the Dungeon.
You worshipped Trog.
Trog was greatly pleased with you.
You were a tree.
You visited 1 branch of the dungeon, and saw 10 of its levels.
You also visited: Ossuary.

You collected 505 gold pieces.

Inventory:

Hand Weapons
 a - a +2 mace (weapon)
Missiles
 n - 2 throwing nets
Armour
 k - the +6 chain mail "Leytac" (melded) {rPois rF+}
   (You found it on level 5 of the Dungeon)

   rF:        It protects you from fire.
   rPois:     It protects you from poison.
 l - a +1 pair of boots (melded)
Jewellery
 f - a ring of willpower (right branch)
 g - an amulet of regeneration (around neck)
 r - a ring of poison resistance (left branch)
Wands
 d - a wand of flame (15)
 h - a wand of iceblast (10)
 o - a wand of mindburst (36) (quivered)
 q - a wand of acid (7)
Scrolls
 b - 3 scrolls of teleportation
 s - 3 scrolls of magic mapping
Potions
 c - a potion of lignification
 e - 2 potions of berserk rage
 i - a potion of flight
 j - 5 potions of curing
 m - 2 potions of attraction
 p - a potion of mutation
 u - a potion of cancellation {unknown}


   Skills:
 + Level 10.2 Fighting
 + Level 13.4 Maces & Flails
 + Level 12.9 Armour
 - Level 2.8 Dodging
 + Level 1.9 Evocations


You had 10 spell levels left.
You didn't know any spells.
Your spell library was empty.

Dungeon Overview and Level Annotations

Branches:
Dungeon (10/15)            Temple (0/1) D:7         Ossuary (visited)
   Lair: D:8-11         Orc: D:9-12

Altars:
Ashenzari
Elyvilon
Gozag
Hepliaklqana
Makhleb
Vehumet

Shops:
D:3 :   D:7 !


Innate Abilities, Weirdness & Mutations

You are a tree.
Your roots penetrate the ground, keeping you stationary.
You cannot be teleported.
You are immune to unholy pain and torment.
Your maximum health is greatly increased.
Your equipment is partially melded.
((You have a pair of horns on your head.))
((You reflexively headbutt those who attack you in melee.))


Message History

Something hits you!
* * * LOW HITPOINT WARNING * * *
The death yak gores you.
* * * LOW HITPOINT WARNING * * *
You are no longer berserk.
You are exhausted.
You feel yourself slow down. Something hits you but does no damage.
Something hits you but does no damage. Something hits you but does no damage.
The death yak closely misses you. Something hits you but does no damage.
Found a scale mail.
The death yak barely misses you.
You feel the effects of Trog's Hand fading.
You are too injured to fight recklessly!
You feel much better. The death yak gores you.
Your ogre goes berserk!
Trog will no longer gift you weapons. The death yak gores you!
The death yak gores you!!
* * * LOW HITPOINT WARNING * * *
The death yak gores you but does no damage.
There are no items here.
Really quaff the potion of lignification?
You turn into a tree.
Your +1 pair of boots melds into your body.
The +6 chain mail "Leytac" {rPois rF+} melds into your body.
Your roots penetrate the ground.
Your skin stops crawling.
You feel less strong-willed.
The death yak gores you but does no damage.
The death yak gores you!
* * * LOW HITPOINT WARNING * * *
Your ogre barely misses the death yak.
The death yak gores you!
* * * LOW HITPOINT WARNING * * *
The death yak gores you.
* * * LOW HITPOINT WARNING * * *
The death yak barely misses you. The death yak gores you.
* * * LOW HITPOINT WARNING * * *
You hit the death yak.
The death yak is lightly wounded.
Your ogre hits the death yak with a +0 giant club!!
The death yak gores you!
You die...

...............
....#.#..##.#.....
..#.#.#......#....
..................
######.............
#...##.#..#.......
#..O##...........
#..Y##.....[.##.
#..♣Y.Y......#
.......Y###.##.........
.###....# #.....###..#.
#....# ####..# .#
#....# #..# #[....
#.... .....# ....#
####.## ##..#


You could see 3 death yaks, a yak and a friendly ogre (summoned, berserk).

Vanquished Creatures
  Harold (D:7)
  A two-headed ogre (D:9)
  A centaur warrior (D:9)
  2 death yaks (D:10)
  Maurice (D:8)
  Maggie (D:8)
  2 trolls
  4 wyverns
  Grum (D:8)
  2 steam dragons
  3 water moccasins
  3 black bears
  5 orc warriors
  A hornet zombie (D:7)
  A sky beast (D:3)
  3 necrophages
  4 wolves (D:8)
  2 centaurs
  5 kobold brigands
  An elf zombie (Ossuary)
  A bullfrog (D:5)
  A wyvern zombie (D:4)
  2 scorpions
  2 water moccasin skeletons
  6 killer bees (D:9)
  11 wights (D:8)
  7 howler monkeys
  4 centaur zombies
  A centaur skeleton (D:4)
  5 hounds
  2 bullfrog skeletons
  5 orc priests
  4 iguanas
  4 orc wizards
  A scorpion zombie (D:5)
  A hound skeleton (D:5)
  2 mummies (Ossuary)
  A howler monkey zombie (D:5)
  5 adders
  4 gnolls
  3 shadow imps
  3 white imps
  2 worms
  3 dart slugs
  17 orcs
  8 endoplasms
  4 giant cockroaches
  10 goblins
  12 hobgoblins
  3 jackals (D:4)
  25 kobolds
  3 quokkas
  11 ball pythons
  3 bats
  4 frilled lizards
  14 hobgoblin zombies (Ossuary)
  3 jackal zombies (Ossuary)
  5 kobold zombies (Ossuary)
  8 orc zombies (Ossuary)
  3 rats
  3 rat zombies (Ossuary)
  2 bushes (D:4)
262 creatures vanquished.

Vanquished Creatures (others)
  An orc wizard (D:7)
  A fungus (D:8)
  4 plants
6 creatures vanquished.

Grand Total: 268 creatures vanquished

Notes
Turn   | Place    | Note
-------+----------+-------------------------------------------
     0 | D:1      | Squid the Minotaur Berserker began the quest for the Orb.
     0 | D:1      | Reached XP level 1. HP: 19/19 MP: 0/0
   179 | D:1      | Found a faded altar of an unknown god.
   333 | D:1      | Reached XP level 2. HP: 24/27 MP: 1/1
   375 | D:1      | Reached skill level 4 in Maces & Flails
   664 | D:1      | Reached ** piety under Trog
   878 | D:1      | Reached XP level 3. HP: 33/33 MP: 2/2
  4438 | D:2      | Reached XP level 4. HP: 41/41 MP: 3/3
  4826 | D:3      | Reached skill level 5 in Maces & Flails
  5032 | D:3      | Found Tazud's Book Shoppe.
  5034 | D:3      | Noticed a sky beast
  5045 | D:3      | Killed a sky beast
  5046 | D:3      | Reached XP level 5. HP: 47/47 MP: 4/4
  5451 | D:4      | Reached skill level 5 in Armour
  5459 | D:4      | Reached XP level 6. HP: 53/53 MP: 5/5
  5465 | D:4      | Reached *** piety under Trog
  5533 | D:4      | Reached skill level 6 in Maces & Flails
  5997 | D:4      | Reached skill level 5 in Fighting
  5997 | D:4      | Reached XP level 7. HP: 59/61 MP: 6/6
  6036 | D:5      | Entered Level 5 of the Dungeon
  6052 | D:5      | Identified the +6 chain mail "Leytac" {rPois rF+}
  6085 | D:5      | Found a hazy altar of Hepliaklqana.
  6089 | D:5      | Found a burning altar of Makhleb.
  6090 | D:5      | Found an opulent altar of Gozag.
  6090 | D:5      | Found the +8 demon blade "Leech" {vamp, Harm Drain rN+}
  6328 | D:5      | Reached skill level 7 in Maces & Flails
  6662 | D:5      | Noticed a wyvern
  6666 | D:5      | Killed a wyvern
  6667 | D:5      | Reached skill level 8 in Maces & Flails
  6667 | D:5      | Reached XP level 8. HP: 69/69 MP: 7/7
  6755 | D:5      | Found a radiant altar of Vehumet.
  7240 | D:6      | Reached skill level 9 in Maces & Flails
  7305 | D:6      | Noticed a troll
  7317 | D:6      | Killed a troll
  7318 | D:6      | Reached skill level 10 in Maces & Flails
  7370 | D:6      | Reached XP level 9. HP: 74/78 MP: 8/8
  7856 | D:7      | Reached skill level 11 in Maces & Flails
  7859 | D:7      | Reached skill level 10 in Armour
  7952 | D:7      | Found a white marble altar of Elyvilon.
  7959 | D:7      | Reached **** piety under Trog
  8124 | D:7      | Found a staircase to the Ecumenical Temple.
  8267 | D:7      | Noticed Harold
  8327 | D:7      | Killed Harold
  8328 | D:7      | Reached XP level 10. HP: 38/88 MP: 9/9
  8571 | D:7      | Found Golog's Distillery.
  8671 | D:8      | Noticed Maggie
  8684 | D:8      | Found a sand-covered staircase.
  8689 | Ossuary  | Entered an ossuary
  8930 | Ossuary  | Identified the +0 chain mail of Sin {Will+ rCorr}
  9601 | D:8      | Killed Maggie
  9602 | D:8      | Reached skill level 12 in Maces & Flails
  9697 | D:8      | Noticed Grum
  9697 | D:8      | Noticed Maurice
  9715 | D:8      | Killed Grum
  9745 | D:8      | Killed Maurice
  9954 | D:8      | Found a broken altar of Ashenzari.
  9958 | D:8      | Saw a vision of the Swamp and the Spider Nest.
  9958 | D:8      | Noticed a will-o-the-wisp
  9958 | D:8      | Noticed a wolf spider
  9958 | D:8      | Noticed a wolf spider
 10796 | D:9      | Noticed a centaur warrior
 10800 | D:9      | Killed a centaur warrior
 10801 | D:9      | Reached skill level 13 in Maces & Flails
 10900 | D:9      | Noticed a two-headed ogre
 10907 | D:9      | Killed a two-headed ogre
 10907 | D:9      | Reached ***** piety under Trog
 10908 | D:9      | Reached XP level 11. HP: 79/99 MP: 10/10
 11611 | D:10     | Entered Level 10 of the Dungeon
 11625 | D:10     | Reached skill level 1 in Evocations
 11627 | D:10     | Noticed a death yak
 11628 | D:10     | Noticed a death yak
 11629 | D:10     | Noticed a death yak
 11629 | D:10     | Noticed a death yak
 11629 | D:10     | Noticed a death yak
 11647 | D:10     | Killed a death yak
 11648 | D:10     | Reached skill level 10 in Fighting
 11649 | D:10     | Killed a death yak
 11661 | D:10     | Slain by a death yak

Illustrated notes

Levels and vault maps discovered:
D:1:      lemuel_arrival_room, layout_loops_ring,
          shapermc_ecumenical_altar_notcrosses
D:2:      layout_rooms
D:3:      minmay_angry_zag, layout_basic, serial_shops, shop_fountains
D:4:      cheibrodos_old_hovel, layout_cave_pools, hangedman_decor_lopped,
          cheibrodos_gnoll_hut
D:5:      layout_layer_cave, nicolae_vehumet_altar_sigil,
          grunt_temple_overflow_open, dk_noncrumbling_4
D:6:      layout_rooms
D:7:      layout_basic, amcnicky_altar_gilded, minmay_temple_entry_waves,
          serial_shops, shop_fountains, st_stairs_8, uniq_harold
D:8:      layout_basic, grunt_ashenzari_visionary
          [grunt_ashenzari_visionary_swamp, grunt_ashenzari_visionary_spider],
          nicolae_ossuary_entry_plus, uniq_grum, uniq_maggie, uniq_maurice
D:9:      layout_loops_corners
D:10:     minmay_thick_lines, layout_basic, nicolae_overflow_crystal_walls,
          amethyst_overflow_temple_binary, dpeg_lair_monsters,
          kennysheep_flooded_box, hex_tiny, kennysheep_cross_bottleneck,
          nicolae_shop_clearance, uniq_urug

Skill      XL: |  1  2  3  4  5  6  7  8  9 10 11 |
---------------+----------------------------------+-----
Maces & Flails | 4 5 6 8 10 11 13 | 13.4
Fighting       | 4 5 6 7 9 10 | 10.2
Armour         | 3 4 5 6 7 9 10 12 | 12.9
Evocations     | 1 |  1.9
Dodging        | |  2.8

Action                   |  1- 3 |  4- 6 |  7- 9 | 10-12 || total
-------------------------+-------+-------+-------+-------++-------
Melee: Mace              |    98 |   191 |   264 |   247 ||   800
       Headbutt          |    11 |    62 |    50 |    49 ||   172
Invok: Berserk           |       |     2 |     5 |     4 ||    11
       Trog's Hand       |       |     1 |     6 |     4 ||    11
       Brothers in Arms  |       |       |       |     1 ||     1
Evoke: Wand              |       |       |       |    22 ||    22
  Use: Scroll            |     3 |     6 |    10 |     1 ||    20
       Potion            |     3 |       |     2 |     7 ||    12
Armor: Chain mail        |    73 |    99 |   266 |   223 ||   661
       Skin              |       |       |       |     1 ||     1
Dodge: Dodged            |    65 |    64 |   145 |   164 ||   438

Table legend: (Time is in decaauts)
 A = Elapsed time spent in this place.
 B = Non-inter-level travel time spent in this place.
 C = Inter-level travel time spent in this place.
 D = Time resting spent in this place.
 E = Time spent auto-exploring this place.
 F = Levels seen in this place.
 G = Mean time per level.
                   A        B        C        D        E       F      G
               +--------+--------+--------+--------+--------+-----+--------+
         Total |  11680 |  11434 |    246 |   4126 |   4708 |  11 | 1061.8 |
       Dungeon |  10785 |  10539 |    246 |   3482 |   4708 |  10 | 1078.5 |
       Ossuary |    895 |    895 |      0 |    644 |      0 |   1 |  895.0 |
               +--------+--------+--------+--------+--------+-----+--------+

Top non-repeatable levels by time:
     D:2: 3673 daAuts
     D:5: 1167 daAuts
     D:1: 1135 daAuts
     D:8: 1099 daAuts
     D:9: 919 daAuts
 Ossuary: 895 daAuts
     D:7: 882 daAuts
     D:4: 640 daAuts
     D:3: 625 daAuts
     D:6: 596 daAuts
    D:10: 45 daAuts
